Match 41620488
Unlisted

Match 41620488
End
Construct Barracks
Riflemen Squad
Riflemen Squad
M1 Mortar Team
Grenade Package
Mechanized Support Center
Construct Motor Pool
Engineer Squad
M8 Greyhound Armored Car
Selects Special Operations Battlegroup
Selects M29 Weasel with M1 Pack Howitzer
Selects Raiding Flares
Selects Raiding Flares
Selects SSF Commando Squad
SSF Commando Squad
Designate Forward Repair Station
Construct Medical Station
Selects M29 Weasel with M1 Pack Howitzer
M24 Chaffee Light Tank
Construct Tank Depot
M1 Anti-tank Gun Team
Selects P-47 Anti-Infantry Loiter
Selects UNKNOWN (2162291)
Selects Air Re-supply Operation
M4A1 Sherman Medium Tank
M4A1 76mm Conversion
P-47 Anti-Infantry Loiter
Improvised Armor
SSF Commando Squad
Raiding Flares
M4A1(76) Sherman Medium Tank
Rapid Repairs
P-47 Anti-Infantry Loiter
Artistóteles
Miles '+'
KevinTDW
scorpion
0
0

Comments sign in to comment!

No comments posted yet!